 Dungeon Crawl Stone Soup version 0.30.1-4-g462c640d31 (webtiles) character file.

Game seed: 17933651949906368326

60 Zeor the Slasher (level 3, 0/27 HPs)
             Began as a Demonspawn Gladiator on Aug 25, 2023.
             Slain by Sigmund
             ... wielding a +0 scythe
              (8 damage)
             ... on level 2 of the Dungeon.
             The game lasted 00:05:36 (1564 turns).

Zeor the Slasher (Demonspawn Gladiator)             Turns: 1564, Time: 00:05:37

Health: 0/27       AC:  6    Str: 12 (14) XL:     3   Next: 82%
Magic:  3/3        EV: 12    Int:  8 (9)  God:
Gold:   70         SH:  0    Dex: 14 (16) Spells: 2/2 levels left

rFire   . . .        a - +2 long sword
rCold   . . .        (no shield)
rNeg    . . .        b - +0 leather armour
rPois   .            c - +0 helmet
rElec   .            i - +1 cloak {Will+}
rCorr   .            (no gloves)
SInv    .            (no boots)
Will    +....        (no amulet)
Stlth   +            (no ring)
HPRegen 0.24/turn    (no ring)
MPRegen 0.08/turn

%: no passive effects
@: hasted, very quick
A: demonic guardian 1
a: no special abilities


You were on level 2 of the Dungeon.
You visited 1 branch of the dungeon, and saw 2 of its levels.

You collected 70 gold pieces.

Inventory:

Hand Weapons
 a - a +2 long sword (weapon)
 k - a +0 long sword
Missiles
 d - 3 throwing nets (quivered)
 e - a javelin
Armour
 b - a +0 leather armour (worn)
 c - a +0 helmet (worn)
 i - a +1 cloak of willpower (worn)
Magical Staves
 j - a staff of poison
Scrolls
 m - a scroll of identify
Potions
 h - a potion of heal wounds


   Skills:
 + Level 2.0 Fighting
 + Level 3.8 Long Blades
 + Level 1.9 Throwing
 + Level 0.6 Armour
 * Level 3.1 Dodging


You had 2 spell levels left.
You didn't know any spells.
Your spell library contained the following spells:

 Spells                   Type           Power      Damage    Failure   Level
 Scorch                   Fire           0%         2d5       63%         2
 Flame Wave               Conj/Fire      0%         2d4       99%         4
 Summon Cactus Giant      Summ           0%         N/A       100%        6


Dungeon Overview and Level Annotations

Branches:
Dungeon (2/15)

Altars:
Nemelex Xobeh

Annotations:
D:2 Sigmund


Innate Abilities, Weirdness & Mutations

A weak demonic guardian rushes to your aid.


Message History

Sigmund the Dreaded comes into view.
He is wielding a +0 scythe and carrying a wand of quicksilver (14).
Sigmund casts a spell.
Sigmund flickers and vanishes!
Deactivating autopickup; reactivate with Ctrl-A.
Throw: 3 throwing nets
Press: ? - help, Q - select action, (/) - cycle Shift-Dir - straight line, f - you
Okay, then.
It was a potion of invisibility.
You fade into invisibility!
You hear a zap.
A bolt of dispelling energy appears from out of thin air!
The bolt of dispelling energy hits you!
Your magical effects are unravelling.
Ouch! That really hurt!
A demonic guardian appears!
You feel much better.
You flicker back into view.
Something hits you.
It was a potion of degeneration.
There was something very wrong with that liquid.
You feel weakened.
You feel dopey.
You feel clumsy. Something hits you.
Okay, then.
You feel yourself speed up.
You hear some strange, mumbled words.
A puff of flame appears from out of thin air!
The puff of flame misses you.
You see here a +0 dagger.
Okay, then.
Okay, then.
You barely miss something. Something hits you.
You barely miss something. You closely miss something.
You hear some strange, mumbled words.
A puff of flame appears from out of thin air!
The puff of flame hits you!
* * * LOW HITPOINT WARNING * * *
Okay, then.
You barely miss something. Something hits you!
You die...

▒∙▒ ▒∙∙▒▒∙▒▒∙▒ ▒▒∙▒▒
▒▒▒'▒▒▒▒▒▒∙▒ ▒∙∙∙▒▒
▒▒∙∙∙∙∙∙▒▒▒∙▒ ∙∙∙∙∙▒
▒▒∙∙∙∙∙∙∙∙∙▒▒▒ ▒∙∙∙▒▒
▒∙∙∙∙∙∙∙∙∙∙∙▒ ▒▒∙∙▒
▒∙∙∙∙∙∙∙∙∙∙∙∙ ▒∙∙▒
▒∙∙∙∙▒▒▒▒▒∙∙∙ ▒ ▒∙∙▒
▒▒▒∙∙∙▒{5∙∙▒∙∙∙∙▒
▒▒∙∙▒▒▒▒▒∙▒∙∙∙∙▒6▒∙▒∙∙∙∙▒
∙∙∙∙∙∙∙▒▒∙▒∙∙∙∙▒∙∙∙∙▒
∙∙∙▒▒▒∙▒▒∙▒▒∙∙∙▒▒▒▒▒∙∙∙∙▒
∙∙∙▒▒▒∙∙∙∙∙▒∙∙∙∙ ∙∙∙∙▒
∙∙∙∙∙∙▒▒▒∙▒▒▒∙∙ ∙∙∙▒
∙∙∙∙∙∙▒ ▒∙▒ ▒▒∙ ∙∙▒▒
∙∙∙∙∙∙▒ ▒∙▒ ▒▒ ▒▒ ∙∙∙∙▒▒▒
▒∙▒ ∙∙∙∙▒▒▒▒▒∙▒


You could see a friendly iron imp (summoned).

Vanquished Creatures
  An adder (D:2)
  2 worms (D:2)
  6 ball pythons
  4 bats
  3 endoplasms
  A giant cockroach (D:1)
  4 goblins
  4 hobgoblins
  3 kobolds
  2 quokkas
  4 frilled lizards
  8 rats
42 creatures vanquished.

Vanquished Creatures (collateral kills)
  A quokka (D:1)
1 creature vanquished.

Grand Total: 43 creatures vanquished

Notes
Turn   | Place    | Note
-------+----------+-------------------------------------------
     0 | D:1      | Zeor the Demonspawn Gladiator began the quest for the Orb.
     0 | D:1      | Reached XP level 1. HP: 16/16 MP: 1/1
    72 | D:1      | Gained mutation: A weak demonic guardian rushes to your
                  | aid. [demonic ancestry]
    72 | D:1      | Reached XP level 2. HP: 20/22 MP: 2/2
   841 | D:2      | Reached XP level 3. HP: 21/27 MP: 3/3
  1178 | D:2      | Found a sparkling altar of Nemelex Xobeh.
  1554 | D:2      | Noticed Sigmund
  1564 | D:2      | Slain by Sigmund

Illustrated notes

Levels and vault maps discovered:
D:1:      minmay_arrival_four_circles, layout_basic,
          chequers_serial_rivers_room_a
D:2:      layout_loops_ring, basic_altar, kennysheep_potato, uniq_sigmund

Skill      XL: |  1  2 |
---------------+-------+-----
Long Blades    | 3 |  3.8
Dodging        | 3 |  3.1
Fighting       | |  2.0
Throwing       | |  1.9
Armour         | |  0.6

Action                     || total
---------------------------++-------
  Melee: Long sword        ||   103
    Use: Scroll            ||     8
         Potion            ||     4
 Armour: Leather armour    ||    40
  Dodge: Dodged            ||    49
